 Dungeon Crawl Stone Soup version 0.31.0-11-ge490571c62 (webtiles) character file.

Game seed: 1242172016918678878

1924467 greynaab the Acrobat (level 27, 271/271 (274) HPs)
             Began as an Octopode Berserker on Jan 27, 2024.
             Was a High Priest of Trog.
             Escaped with the Orb
             ... and 3 runes on Jan 29, 2024!
             The game lasted 03:43:55 (52717 turns).

greynaab the Acrobat (Octopode Berserker)          Turns: 52717, Time: 03:43:55

HP:   271/271 (274) AC: 36    Str: 20    XL:     27
MP:   16/16         EV: 38    Int: 10    God:    Trog [*****.]
Gold: 4159          SH: 22    Dex: 24    Spells: 26/26 levels left

rFire   + + .        b - +7 demon trident (heavy)
rCold   + + +        n - +5 kite shield {reflect}
rNeg    + + .        Y - +1 hat "Jegg" {rC++ Str+3}
rPois   ∞            E - amulet of regeneration
rElec   +            Q - ring of protection from fire
rCorr   +            q - +4 ring of slaying
SInv    +            G - ring of willpower
Will    ++++.        H - ring of Vanity {^Contam rPois rCorr AC+4 Stlth+}
Stlth   +++          C - ring "Ifaonoin" {rN+ Will+ SInv}
HPRegen 1.45/turn    K - ring "Riveyn" {+Blink EV+5}
MPRegen 0.15/turn    t - ring "Ynem Naz" {Fly rF+ rC+}
                     Z - +4 ring of slaying

%: reflection
@: statue-form, flying, studying Maces & Flails, lightly drained, very slow
A: slow and powerful, torment resistance 1, boosted hp, almost no armour,
amphibious, 8 rings, camouflage 1, (gelatinous body 1), (nimble swimmer 1),
tentacles, antennae 1, (iridescent scales 1), deterioration 1, low MP 3
0: Orb of Zot
}: 3/15 runes: decaying, serpentine, silver
a: Begin Untransformation, Renounce Religion, Evoke Blink, Berserk, Trog's Hand,
Brothers in Arms


You escaped.
You worshipped Trog.
Trog was extremely pleased with you.
You were a living statue of rough stone.
You visited 9 branches of the dungeon, and saw 47 of its levels.
You also visited: Trove, Bailey and Ice Cave.

You collected 9735 gold pieces.
You spent 5576 gold pieces at shops.

Inventory:

Hand Weapons
 a - a +9 demon trident of electrocution
 b - a +7 heavy demon trident (weapon)
 B - the +3 demon trident "Qaumarox" {freeze, rElec Will+}
   (You bought it in a shop on level 4 of the Dungeon)

   rElec:     It insulates you from electricity.
   Will+:     It increases your willpower.
Missiles
 p - 7 throwing nets
 y - 3 silver javelins (quivered)
 I - 35 boomerangs
Armour
 n - a +5 kite shield of reflection (worn)
 Y - the +1 hat "Jegg" (worn) {rC++ Str+3}
   (You acquired it on level 5 of the Lair of Beasts)

   Str+3:     It affects your strength (+3).
   rC++:      It greatly protects you from cold.
Jewellery
 q - a +4 ring of slaying (right tentacle)
 t - the ring "Ynem Naz" (on tentacle) {Fly rF+ rC+}
   (You found it in a treasure trove)

   [ring of flight]

   rF+:       It protects you from fire.
   rC+:       It protects you from cold.
   Fly:       It grants you flight.
 C - the ring "Ifaonoin" (on tentacle) {rN+ Will+ SInv}
   (You found it in an ice cave)

   [ring of positive energy]

   rN+:       It protects you from negative energy.
   Will+:     It increases your willpower.
   SInv:      It lets you see invisible.
 E - an amulet of regeneration (around mantle)
 G - a ring of willpower (on tentacle)
 H - the ring of Vanity (on tentacle) {^Contam rPois rCorr AC+4 Stlth+}
   (You took it off a vault warden on level 4 of the Vaults)

   [ring of protection]

   AC+4:      It affects your AC (+4).
   rPois:     It protects you from poison ^Contam: It causes magical
   contamination when unequipped.
   rCorr:     It protects you from acid and corrosion.
   Stlth+:    It makes you more stealthy.
 K - the ring "Riveyn" (on tentacle) {+Blink EV+5}
   (You found it in an ice cave)

   [ring of evasion]

   EV+5:      It affects your evasion (+5).
   +Blink:    It lets you blink.
 Q - a ring of protection from fire (left tentacle)
 T - a ring of fire
 Z - a +4 ring of slaying (on tentacle)
Talismans
 l - a granite talisman (active)
Wands
 w - a wand of digging (3)
 L - a wand of charming (36)
 M - a wand of light (20)
 O - a wand of mindburst (29)
 X - a wand of roots (60)
Scrolls
 d - 6 scrolls of fear
 f - 6 scrolls of poison
 h - 10 scrolls of vulnerability
 i - 10 scrolls of noise
 j - 2 scrolls of blinking
 k - 2 scrolls of torment
 m - 6 scrolls of fog
 v - 24 scrolls of teleportation
 x - 3 scrolls of silence
 F - 7 scrolls of enchant armour
 N - 12 scrolls of immolation
 W - a scroll of revelation
Potions
 c - 28 potions of curing
 g - a potion of resistance
 o - 3 potions of might
 s - 7 potions of attraction
 u - 9 potions of mutation
 z - 3 potions of lignification
 A - 4 potions of cancellation
 D - 6 potions of heal wounds
 P - 5 potions of invisibility
 R - 10 potions of enlightenment
 S - 3 potions of ambrosia
 U - 3 potions of haste
 V - 3 potions of berserk rage
Miscellaneous
 e - a phantom mirror
 r - a phial of floods
 J - a sack of spiders


   Skills:
 + Level 23.2 Fighting
 - Level 4.6(10.0) Axes
 - Level 13.6(14.0) Polearms
 - Level 16.0 Throwing
 + Level 23.3 Dodging
 - Level 10.0 Stealth
 - Level 19.0 Shields
 - Level 4.2 Unarmed Combat
 - Level 12.0 Evocations
 - Level 20.0 Shapeshifting


You had 26 spell levels left.
You didn't know any spells.
Your spell library contained the following spells:

 Spells                   Type           Power      Damage    Failure   Level
 Static Discharge         Conj/Air       0%         3-3/arc   58%         2
 Frozen Ramparts          Ice            0%         1d1       83%         3
 Anguish                  Hex/Necr       0%         N/A       99%         4
 Leda's Liquefaction      Alch/Erth      0%         N/A       99%         4
 Petrify                  Alch/Erth      0%         N/A       99%         4
 Lee's Rapid Deconstruct  Erth           0%         3d4*      100%        5
 Metabolic Englaciation   Hex/Ice        0%         N/A       100%        5
 Bombard                  Conj/Erth      0%         9d1       100%        6


Dungeon Overview and Level Annotations

Branches:
Dungeon (15/15)            Temple (0/1) D:7            Lair (5/5) D:8
  Swamp (4/4) Lair:2        Snake (4/4) Lair:3        Slime (0/5) Lair:4
    Orc (2/2) D:11            Elf (3/3) Orc:2        Vaults (5/5) D:13
  Crypt (0/3) Vaults:2     Depths (4/4) D:15            Zot (5/5) Depths:4
 Bailey (visited)           IceCv (visited)

Altars:
Cheibriados
Elyvilon
Kikubaaqudgha
Makhleb
Qazlal
Vehumet
Wu Jian
Xom
Yredelemnul
Zin
The Shining One
Jiyva

Shops:
D:4 **   D:12 (:*(   D:14 :   Orc:2 ?*[   Elf:1 *   Elf:2 ([:*!?   Elf:3 *
Snake:1 (:[(

Portals:
Hell: Depths:1 Depths:2 Depths:3 Depths:4
Abyss: Depths:2 Depths:3 Depths:4
Pandemonium: Depths:1 Depths:2 Depths:4
Ziggurat: Depths:3

Annotations:
Depths:1 3 runed translucent doors, strangelove's ghost, master GrEE
Depths:3 exclusions: daeva, door and 3 more exclusions


Innate Abilities, Weirdness & Mutations

You are a living statue of rough stone.
Your actions are slow, but your melee attacks are powerful.
You are resistant to unholy torment.
Your maximum health is greatly increased.
You cannot wear most types of armour.
You are amphibious.
You can wear up to eight rings at the same time.
You are immune to poison.
Your skin changes colour to match your surroundings (Stealth+).
((Your rubbery body absorbs attacks. (AC +1, EV +1)))
((You are camouflaged when in or above water. (Stealth+)))
You have tentacles for arms and can constrict up to eight enemies at once.
You have a pair of small antennae on your head.
((You are partially covered in iridescent scales. (AC +2)))
Your body sometimes deteriorates upon taking damage.
Your magical capacity is extremely low. (-30% MP)


Message History

A Tzitzimitl comes into view.
You impale the Tzitzimitl!! Your squeeze misses the Tzitzimitl.
The Tzitzimitl is moderately wounded.
You miss the Tzitzimitl.
The Tzitzimitl is moderately wounded.
The Tzitzimitl gestures at you. The bolt of negative energy hits you.
You partially resist.
You feel drained.
You puncture the Tzitzimitl!
The Tzitzimitl is heavily wounded.
The Tzitzimitl completely misses you. x2
The Tzitzimitl engulfs you but does no damage.
You block the Tzitzimitl's attack.
You spit the Tzitzimitl like a pig!!! Your squeeze misses the Tzitzimitl.
The Tzitzimitl is almost dead.
You hear a shout!
The Tzitzimitl gestures at you. The bolt of negative energy hits you.
You partially resist.
You feel drained.
You closely miss the Tzitzimitl.
The Tzitzimitl is almost dead.
You block the Tzitzimitl's attack. The Tzitzimitl completely misses you.
You block the Tzitzimitl's attack. The Tzitzimitl closely misses you.
You stick the Tzitzimitl like a pincushion!!!
You kill the Tzitzimitl!
Trog accepts your kill.
No target in view!
What level of the Dungeon? (default 1, ? - help) HP restored.
There is a stone staircase leading up here.
You fly upwards.
There is a stone staircase leading down here.
An Orb Guardian comes into view.
You stick the Orb Guardian like a pincushion!!!
The Orb Guardian is heavily wounded.
You impale the Orb Guardian!!
You kill the Orb Guardian!
Trog accepts your kill.
No target in view!
There is a fountain of clear blue water here.
There is a staircase leading out of the dungeon here.
You have escaped!

#.########### #§##)# #.# #.#
#######§##.# #.#
#.#######.♣♣.♣#§##.# #.#
#.#..°§8.♣..♣♣§§§#.# #.#
#.#.#♣§♣§♣∩.§§♣♣§§§# #.#
#.#.#♣♣§♣§..°§♣§♣♣.### ##.##
#...♣.♣§§..⌠§§§.♣.♣..# #...#
#...♣.♣○.......∩♣.♣#.###...#
#........⌠.8.⌠..♣♣.#.#......
#...♣♣.∩.......∩.♣♣#........
##..♣.♣♣§§.⌠..∩.♣..###......
##.#.♣♣§§§..∩♣.♣♣.# ###...#
#.#♣§♣§♣§.∩.♣♣.☼.#####...#
#.##§§♣♣.♣.♣.♣8.........##
#.#####♣.♣♣.##)##########
#.# #........# #.#
#........#


There were no monsters in sight!

Vanquished Creatures
  A pandemonium lord (D:7)
  An ancient lich (Vaults:5)
  7 dread liches
  6 orbs of fire
  A royal mummy (Depths:3)
  the Lernaean hydra (Swamp:4)
  3 Killer Klowns
  Vashnia (Snake:4)
  4 curse toes
  Boris (Vaults:5)
  11 golden dragons
  3 Brimstone Fiends
  4 electric golems
  A Tzitzimitl (D:2)
  A Hell Sentinel (Zot:1)
  An Ice Fiend (D:7)
  2 liches
  2 deep elf blademasters (Elf:3)
  24 tentacled monstrosities
  30 Orb Guardians
  Asterion (Snake:3)
  3 titans (Vaults:5)
  Mlioglotl (Swamp:2)
  4 quicksilver dragons
  4 deep elf master archers (Elf:3)
  3 death cobs
  7 sphinxes
  Agnes (Snake:1)
  The ghost of Xoedokom the Brawler, an adept TrMo of Nemelex Xobeh (Depths:3)
  Kirke (D:13)
  Aizul (Snake:1)
  A thorn hunter (Swamp:1)
  14 draconian knights
  11 storm dragons
  7 tengu reavers
  Roxanne (Swamp:4)
  20 shadow dragons
  6 protean progenitors
  5 draconian monks
  12 nagarajas (Snake:4)
  8 fire giants
  3 deep elf sorcerers
  7 frost giants
  2 iron dragons
  12 draconian shifters
  21 vault wardens
  4 ghost moths (Zot:2)
  Louise (Snake:3)
  10 draconian scorchers
  4 balrugs
  6 deep elf elementalists
  2 orc warlords
  A caustic shrike skeleton (Depths:1)
  13 very ugly things
  4 draconian stormcallers
  2 cacodemons
  18 ironbound preservers
  8 ironbound thunderhulks
  2 formless jellyfish
  10 green draconians
  12 stone giants
  3 eleionomae
  13 draconian annihilators
  A juggernaut skeleton (Depths:2)
  A vampire knight (Depths:4)
  2 reapers
  11 black draconians
  13 deep elf demonologists
  15 red draconians
  8 deep elf death magi
  4 war gargoyles
  12 yellow draconians
  14 dire elephants
  2 lorocyprocas
  8 deep elf annihilators
  12 white draconians
  7 purple draconians
  6 spark wasps
  A bunyip (Swamp:2)
  A blizzard demon (Depths:2)
  5 fire dragons
  17 ettins
  7 deep elf high priests
  3 green deaths
  Josephine (D:12)
  4 mummy priests (Depths:3)
  A crystal guardian (Vaults:3)
  An entropy weaver (Vaults:2)
  4 rakshasas
  The ghost of Hsik the Cleaver, a journeyman HOFi of Zin (D:10)
  A caustic shrike simulacrum (Depths:2)
  8 great orbs of eyes
  4 alligators
  27 vault guards
  11 ice dragons
  17 yaktaur captains
  15 hydras
  A salamander tyrant (Snake:3)
  3 ogre magi (Vaults:5)
  2 peacekeepers
  A hell beast (Depths:2)
  11 ironbound frosthearts
  2 ghost crabs
  4 spriggan air magi
  10 anacondas
  2 radroaches (Zot:2)
  8 centaur warriors
  A death knight (D:14)
  9 death yaks
  3 boulder beetles
  31 dancing weapons
  6 deep troll shamans
  A two-headed ogre (shapeshifter) (Depths:2)
  A vampire mage (Depths:1)
  15 naga warriors
  A two-headed ogre (Orc:1)
  8 deep troll earth magi
  3 shock serpents
  2 occultists
  A shock serpent (shapeshifter) (Depths:3)
  5 spriggan berserkers
  15 naga sharpshooters
  Sonja (Orc:2)
  16 spriggans
  11 deep elf knights
  16 hell knights
  8 iron trolls
  3 sun demons
  2 skysharks
  2 soul eaters
  A storm dragon zombie (Vaults:5)
  5 goliath frogs
  3 skeletal warriors (D:15)
  2 shadow wraiths
  4 sixfirhies
  A salamander mystic (Snake:3)
  A bunyip zombie (Swamp:1)
  A golden dragon zombie (Depths:1)
  61 deep trolls
  2 shadow demons
  A spectral anaconda (Lair:5)
  5 sea snakes (Snake:4)
  6 spriggan druids
  8 mana vipers
  4 bog bodies
  15 swamp dragons
  An obsidian statue (Lair:5)
  3 naga ritualists
  7 arcanists
  3 phantasmal warriors
  A shadow dragon zombie (Depths:1)
  7 lindwurms
  9 deep elf archers
  3 alligator zombies (Swamp:1)
  9 harpies
  3 steelbarb worms (Zot:2)
  16 ironbound convokers
  30 ugly things
  21 deep elf pyromancers
  10 necromancers
  A wolf spider (D:15)
  5 orc knights
  21 deep elf zephyrmancers
  A human skeleton (Vaults:5)
  21 salamanders
  A manticore (D:13)
  26 moths of wrath
  5 cyclopes
  A fire giant zombie (Vaults:2)
  A stone giant zombie (Depths:2)
  A large abomination (Zot:2)
  A cyclops (shapeshifter) (D:10)
  8 elephants
  A stone giant skeleton (Vaults:5)
  3 meliai (D:13)
  6 will-o-the-wisps
  A meliai (shapeshifter) (D:10)
  2 rust devils
  A kobold blastminer (Orc:2)
  Maurice (Orc:2)
  A black mamba (shapeshifter) (Elf:3)
  2 ice statues (IceCv)
  6 guardian serpents
  A dire elephant zombie (Lair:5)
  27 black mambas
  2 gargoyles
  8 cane toads
  3 orange demons
  3 water nymphs (shapeshifter)
  A torpor snail (Lair:3)
  3 water nymphs
  28 vault sentinels
  15 naga magi
  2 smoke demons (Depths:4)
  A hellion (Zot:1)
  2 dire elephant skeletons (Lair:5)
  6 rime drakes
  43 yaktaurs
  Jeremiah (D:7)
  10 komodo dragons
  5 guardian mummies (Depths:3)
  A spark wasp simulacrum (Depths:2)
  An unseen horror (D:12)
  A freezing wraith (D:15)
  2 ice devils
  A yaktaur (shapeshifter) (Vaults:5)
  A tengu conjurer (Depths:1)
  A hydra zombie (Swamp:1)
  A red devil (D:14)
  9 trolls
  2 polar bears
  11 tyrant leeches
  2 trolls (shapeshifter)
  12 hornets
  A tarantella (shapeshifter) (D:10)
  A polar bear (shapeshifter) (D:10)
  29 blink frogs
  A dream sheep (shapeshifter) (Vaults:5)
  2 glass eyes
  9 dream sheep (Lair:5)
  A spriggan zombie (Depths:1)
  28 slime creatures
  A blink frog (shapeshifter) (Vaults:4)
  A spriggan skeleton (Depths:1)
  6 water elementals
  A centaur simulacrum (D:14)
  An ettin skeleton (Vaults:2)
  9 air elementals
  8 wraiths
  2 hogs (D:13)
  7 wyverns
  A dire elephant simulacrum (Lair:5)
  Eustachio (D:6)
  43 yaks
  6 fire elementals
  A death yak simulacrum (Lair:5)
  A human (D:11)
  3 basilisks
  5 wargs
  A neqoxec (D:10)
  3 steam dragons
  A redback (Vaults:2)
  A redback (shapeshifter) (Elf:2)
  A spectral cane toad (Lair:5)
  3 vampire mosquitoes (D:14)
  36 nagas
  Edmund (D:6)
  3 acid dragons
  12 swamp worms
  18 water moccasins
  A glowing shapeshifter zombie (Vaults:5)
  3 hell hounds (Depths:4)
  A glowing shapeshifter skeleton (Vaults:2)
  9 swamp drakes
  41 orc warriors
  A sky beast (D:8)
  2 laughing skulls (D:14)
  2 black bears
  4 ogres
  2 boggarts (Vaults:1)
  4 elephant skeletons (Lair:5)
  12 centaurs
  A phantom (D:5)
  6 kobold brigands
  18 bullfrogs
  3 earth elementals
  A glowing shapeshifter simulacrum (Depths:2)
  A cane toad simulacrum (Lair:5)
  3 scorpions
  11 wights
  5 lindwurm simulacra (IceCv)
  3 elephant simulacra (Lair:5)
  5 killer bees (D:11)
  7 electric eels
  4 howler monkeys
  5 lava snakes
  A crimson imp (D:12)
  6 hounds
  A jelly (D:5)
  3 komodo dragon simulacra (IceCv)
  A gnoll bouda (D:5)
  11 orc priests
  4 iguanas
  2 sleepcaps
  15 orc wizards
  5 hell rats (Lair:1)
  A mummy (Depths:3)
  12 gnolls
  7 acid dragon simulacra (IceCv)
  12 adders
  2 shadow imps (D:6)
  12 white imps (D:11)
  An ufetubus (D:4)
  5 steam dragon simulacra (IceCv)
  2 dart slugs
  4 ribbon worms
  68 orcs
  8 ball pythons
  14 bats
  8 endoplasms
  5 giant cockroaches
  16 goblins
  19 hobgoblins
  5 jackals
  4 quokkas
  10 frilled lizards (D:2)
  34 kobolds
  6 rats
  An aspiring flesh (Zot:5)
2100 creatures vanquished.

Vanquished Creatures (collateral kills)
  Parghit (Zot:3)
  Jorgrun (Orc:2)
  A titan (Vaults:4)
  A sphinx (Vaults:4)
  Donald (Swamp:2)
  A draconian monk (Zot:2)
  A protean progenitor (Zot:2)
  A draconian knight (Zot:2)
  A vault warden (Vaults:4)
  A deep elf annihilator (Vaults:2)
  A black draconian (Zot:2)
  A bunyip (Swamp:3)
  2 purple draconians
  A red draconian (Zot:2)
  A blizzard demon (Depths:2)
  A green death (Depths:2)
  A deep elf high priest (Vaults:5)
  A yaktaur captain (Vaults:5)
  An alligator (Swamp:3)
  A hydra (Swamp:2)
  A vault guard (Vaults:2)
  A centaur warrior (Orc:2)
  3 deep trolls (Depths:4)
  A bog body (Swamp:3)
  2 phantasmal warriors
  A necromancer (Vaults:4)
  2 ironbound convokers
  A kobold blastminer (Orc:2)
  5 vault sentinels
  A guardian serpent (Snake:2)
  A rime drake (Lair:5)
  3 komodo dragons (Lair:5)
  2 yaktaurs
  A red devil (D:7)
  A hornet (Swamp:3)
  A dream sheep (Lair:5)
  A slime creature (Vaults:2)
  A spriggan (Swamp:3)
  A warg (Orc:2)
  A water moccasin (Lair:5)
  An orc warrior (Orc:2)
  3 ogres (Orc:2)
  4 centaurs (Orc:2)
  An earth elemental (Swamp:2)
  A komodo dragon simulacrum (IceCv)
  2 orc priests (Orc:2)
  2 orc wizards (Orc:2)
  3 orcs (Orc:2)
69 creatures vanquished.

Vanquished Creatures (others)
  A dread lich (Vaults:5)
  A lich (Vaults:5)
  A ghost moth (Zot:2)
  A draconian stormcaller (Depths:4)
  An eleionoma (Swamp:3)
  An alligator (Swamp:2)
  A naga sharpshooter (Snake:4)
  A deep elf knight (Elf:1)
  A goliath frog (Swamp:3)
  A sea snake (Snake:4)
  A deep elf zephyrmancer (Elf:1)
  8 bloated husks
  A tyrant leech (Swamp:3)
  A spriggan (Swamp:1)
  A human (D:13)
  A swamp worm (Swamp:3)
  2 swamp drakes (Swamp:3)
  2 gnolls (Bailey)
  An orc (Orc:2)
  69 foxfires
97 creatures vanquished.

Grand Total: 2266 creatures vanquished

Notes
Turn   | Place    | Note
-------+----------+-------------------------------------------
     0 | D:1      | greynaab the Octopode Berserker began the quest for the
                  | Orb.
     0 | D:1      | Reached XP level 1. HP: 16/16 MP: 1/1
    73 | D:1      | Reached XP level 2. HP: 7/21 MP: 2/2
   127 | D:1      | Found a faded altar of an unknown god.
   215 | D:1      | Reached XP level 3. HP: 22/26 MP: 3/3
   566 | D:1      | Reached ** piety under Trog
  1003 | D:2      | Reached XP level 4. HP: 25/31 MP: 4/4
  1311 | D:2      | Found an ornate altar of the Wu Jian Council.
  1520 | D:2      | Reached skill level 1 in Shields
  1581 | D:2      | Reached XP level 5. HP: 36/36 MP: 5/5
  2275 | D:3      | Reached *** piety under Trog
  2581 | D:4      | Reached skill level 1 in Shapeshifting
  2598 | D:4      | Reached XP level 6. HP: 42/42 MP: 6/6
  2724 | D:4      | Noticed a black bear
  2730 | D:4      | Killed a black bear
  3052 | D:4      | Reached XP level 7. HP: 43/46 MP: 7/7
  3136 | D:4      | Found Tuots's General Store.
  3137 | D:4      | Found Vyryomo's Specific Store.
  3490 | D:5      | Entered Level 5 of the Dungeon
  3606 | D:5      | Reached skill level 5 in Shapeshifting
  3887 | D:5      | Reached XP level 8. HP: 35/52 MP: 8/8
  4742 | D:6      | Noticed Edmund
  4754 | D:6      | Noticed Eustachio
  5157 | D:6      | Reached XP level 9. HP: 56/56 MP: 9/9
  5231 | D:6      | Killed Edmund
  5480 | D:6      | Killed Eustachio
  5481 | D:6      | Reached skill level 10 in Shapeshifting
  5961 | D:7      | Found a flagged portal.
  6022 | Bailey   | Entered a bailey
  6339 | Bailey   | Reached XP level 10. HP: 47/63 MP: 10/10
  6344 | Bailey   | Reached **** piety under Trog
  6354 | Bailey   | Noticed an orc warlord
  6372 | Bailey   | Killed an orc warlord
  6496 | Bailey   | Identified the staff "Imudwigo" {rF+ rN+ Necro Alchemy}
  6511 | Bailey   | Reached skill level 15 in Shapeshifting
  6511 | Bailey   | Reached XP level 11. HP: 67/67 MP: 11/11
  6542 | D:7      | Noticed a brown ugly thing
  6615 | D:7      | Noticed Jeremiah
  6618 | D:7      | Killed a brown ugly thing
  6839 | D:7      | Killed Jeremiah
  6973 | D:7      | Found a staircase to the Ecumenical Temple.
  7159 | D:8      | Found a staircase to the Lair.
  7260 | D:8      | Reached skill level 1 in Polearms
  7296 | D:8      | Reached skill level 5 in Dodging
  7964 | D:8      | Found an ancient bone altar of Kikubaaqudgha.
  7967 | D:8      | Found a basalt altar of Yredelemnul.
  7967 | D:8      | Found a snail-covered altar of Cheibriados.
  7980 | D:8      | Found a stormy altar of Qazlal.
  7983 | D:8      | Found a glowing silver altar of Zin.
  8971 | D:10     | Entered Level 10 of the Dungeon
  9088 | D:10     | Reached XP level 12. HP: 75/75 MP: 12/12
  9645 | D:10     | Noticed a boulder beetle
  9703 | D:10     | Killed a boulder beetle
  9788 | D:10     | Found a runed translucent gate.
  9789 | D:10     | Found a runed translucent gate.
  9790 | D:10     | Found a runed translucent gate.
  9802 | D:10     | a goliath frog changed into a broodmother
  9802 | D:10     | Noticed a broodmother (glowing shapeshifter)
  9803 | D:10     | a broodmother changed into a polar bear
  9943 | D:10     | Noticed a shock serpent
 10135 | D:11     | Reached skill level 5 in Fighting
 10138 | D:11     | Found a frozen archway.
 10153 | D:11     | Reached ***** piety under Trog
 10227 | IceCv    | Entered an ice cave
 10480 | IceCv    | Got Terarhui's Reference Book on Conjuration and the Dead
 10509 | IceCv    | Noticed an ice dragon
 10511 | IceCv    | Killed an ice dragon
 10512 | IceCv    | Reached skill level 5 in Shields
 10549 | IceCv    | Identified the ring "Ifaonoin" {rN+ Will+ SInv}
 10553 | IceCv    | Identified the ring "Riveyn" {+Blink EV+5}
 10651 | IceCv    | Received a gift from Trog
 10907 | D:11     | Found a staircase to the Orcish Mines.
 11478 | Lair:1   | Entered Level 1 of the Lair of Beasts
 11500 | Lair:1   | Reached skill level 5 in Polearms
 11584 | Lair:1   | Reached XP level 13. HP: 84/84 MP: 13/13
 11719 | D:4      | Bought the +3 demon trident "Qaumarox" {freeze, rElec
                  | Will+} for 739 gold pieces
 12745 | Lair:2   | Identified the serpent talisman of Beogh's Regard {rElec
                  | rF- SInv Stlth+}
 13258 | Lair:2   | Found a staircase to the Swamp.
 13564 | Lair:3   | Found a staircase to the Snake Pit.
 13583 | Lair:3   | Reached skill level 1 in Evocations
 14106 | Lair:3   | You fall into a shaft and drop 2 floors!
 14106 | Lair:5   | Entered Level 5 of the Lair of Beasts
 14217 | Lair:4   | Reached XP level 14. HP: 95/95 MP: 14/14
 14299 | Lair:4   | Found a viscous altar of Jiyva.
 14300 | Lair:4   | Found a staircase to the Slime Pits.
 14356 | Lair:4   | Identified the +13 war axe of Embarrassment {antimagic,
                  | rElec rC+ Str-5 Dex+5} (Trog gifted it to you on level 4 of
                  | the Lair of Beasts)
 14356 | Lair:4   | Received a gift from Trog
 14885 | Lair:4   | Reached skill level 1 in Axes
 15374 | Lair:5   | Noticed a dire elephant
 15375 | Lair:5   | Noticed a dire elephant
 15384 | Lair:5   | Reached skill level 5 in Evocations
 15720 | Lair:5   | Identified the +10 plate armour of Magic {Str+2 Int+3}
 16036 | Lair:5   | Identified 2 scrolls of acquirement
 16037 | Lair:5   | Acquired the +1 hat "Jegg" {rC++ Str+3}
 16038 | Lair:5   | Acquired a +4 demon trident of electrocution
 16498 | D:12     | Reached skill level 10 in Dodging
 16559 | D:12     | Found Iweru's Weapon Emporium.
 16587 | D:12     | Noticed Josephine
 16627 | D:12     | Received a gift from Trog
 16657 | D:12     | Killed Josephine
 16792 | D:12     | Reached XP level 15. HP: 102/102 MP: 15/15
 16934 | D:12     | Found Otiu's Book Shop.
 16974 | D:12     | Found Rief Min's General Store.
 16977 | D:12     | Bought a scroll of enchant weapon for 75 gold pieces
 16977 | D:12     | Bought a scroll of teleportation for 30 gold pieces
 16977 | D:12     | Bought a scroll of identify for 20 gold pieces
 16977 | D:12     | Bought a scroll of teleportation for 30 gold pieces
 16977 | D:12     | Bought a scroll of fog for 40 gold pieces
 16988 | D:12     | Found Plog's Weapon Boutique.
 17147 | D:12     | Found a portal to a secret trove of treasure.
 17501 | Orc:1    | Entered Level 1 of the Orcish Mines
 17611 | Orc:2    | Entered Level 2 of the Orcish Mines
 17642 | Orc:2    | Noticed Maurice
 17649 | Orc:2    | Killed Maurice
 17709 | Orc:2    | Noticed Jorgrun
 17716 | Orc:2    | Killed Jorgrun
 17725 | Orc:2    | Noticed Sonja
 17730 | Orc:2    | Reached skill level 10 in Fighting
 17745 | Orc:2    | Killed Sonja
 17770 | Orc:2    | Received a gift from Trog
 17832 | Orc:2    | Found a staircase to the Elven Halls.
 17989 | Orc:2    | Found Adosoefy's Book Shop.
 18000 | Orc:2    | Found Obojih's Armour Boutique.
 18000 | Orc:2    | Found Buoczylamp's Assorted Antiques.
 18002 | Orc:2    | Found Kuuronn's Magic Scroll Emporium.
 18183 | Orc:1    | Noticed an orc warlord
 18261 | Orc:1    | Found a burning altar of Makhleb.
 18270 | Orc:1    | Killed an orc warlord
 18271 | Orc:1    | Reached skill level 10 in Shields
 18615 | Orc:2    | Bought a scroll of blinking for 217 gold pieces
 18615 | Orc:2    | Bought 2 potions of cancellation for 464 gold pieces
 18865 | Snake:1  | Entered Level 1 of the Snake Pit
 18906 | Snake:1  | Identified the serpent talisman of Death's Door {rC+ MP+9}
 18906 | Snake:1  | Noticed Aizul
 18934 | Snake:1  | Killed Aizul
 19121 | Snake:1  | Noticed Agnes
 19122 | Snake:1  | Found Socinn's Weapon Shop.
 19122 | Snake:1  | Found Tufojuk's Antique Weapon Boutique.
 19126 | Snake:1  | Killed Agnes
 19146 | Snake:1  | Found Foddar's Book Boutique.
 19150 | Snake:1  | Found Bukunylu's Armour Shop.
 20167 | Snake:2  | Reached XP level 16. HP: 111/111 MP: 16/16
 21336 | Snake:3  | Noticed Louise
 21349 | Snake:3  | Killed Louise
 21373 | Snake:3  | Noticed Asterion
 21384 | Snake:3  | Killed Asterion
 21702 | Snake:4  | Entered Level 4 of the Snake Pit
 21774 | Snake:4  | Noticed a nagaraja
 21871 | Snake:4  | Killed a nagaraja
 21914 | Snake:4  | Noticed a nagaraja
 21936 | Snake:4  | Killed a nagaraja
 22071 | Snake:4  | Noticed a nagaraja
 22082 | Snake:4  | Killed a nagaraja
 22083 | Snake:4  | Reached skill level 10 in Polearms
 22083 | Snake:4  | Noticed a nagaraja
 22088 | Snake:4  | Noticed a nagaraja
 22090 | Snake:4  | Noticed a nagaraja
 22109 | Snake:4  | Killed a nagaraja
 22117 | Snake:4  | Killed a nagaraja
 22129 | Snake:4  | Killed a nagaraja
 22362 | Snake:4  | Noticed a nagaraja
 22370 | Snake:4  | Killed a nagaraja
 22371 | Snake:4  | Reached XP level 17. HP: 119/119 MP: 17/17
 22447 | Snake:4  | Reached ****** piety under Trog
 22447 | Snake:4  | Identified the +2 trident "Xykobyik" {flame, rC+} (Trog
                  | gifted it to you on level 4 of the Snake Pit)
 22447 | Snake:4  | Received a gift from Trog
 22468 | Snake:4  | Reached skill level 10 in Evocations
 22731 | Snake:4  | Got a serpentine rune of Zot
 22840 | Snake:4  | Noticed Vashnia
 22879 | Snake:4  | Killed Vashnia
 23320 | Swamp:1  | Entered Level 1 of the Swamp
 24038 | Swamp:2  | Received a gift from Trog
 24065 | Swamp:2  | Noticed Mlioglotl
 24070 | Swamp:2  | Noticed a tentacled starspawn
 24083 | Swamp:2  | Killed Mlioglotl
 24468 | Swamp:2  | Noticed a tentacled monstrosity
 24474 | Swamp:2  | Noticed Donald
 24479 | Swamp:2  | Killed Donald
 24485 | Swamp:2  | Killed a tentacled monstrosity
 24685 | Swamp:2  | Reached XP level 18. HP: 127/127 MP: 18/18
 25464 | Swamp:4  | Entered Level 4 of the Swamp
 25575 | Swamp:4  | Received a gift from Trog
 25732 | Swamp:4  | Noticed the 27-headed Lernaean hydra
 25737 | Swamp:4  | Gained mutation: You sometimes lose your temper in combat.
                  | [potion of mutation]
 25737 | Swamp:4  | Gained mutation: You are resistant to electric shocks.
                  | (rElec) [potion of mutation]
 25737 | Swamp:4  | Gained mutation: Your mind is acute. (Int +4, Str/Dex -1)
                  | [potion of mutation]
 25737 | Swamp:4  | Gained mutation: You are strong-willed. (Will+) [potion of
                  | mutation]
 25745 | Swamp:4  | Killed the 27-headed Lernaean hydra
 25746 | Swamp:4  | Reached skill level 15 in Shields
 25900 | Swamp:4  | Got a decaying rune of Zot
 25995 | Swamp:4  | Noticed Roxanne
 26016 | Swamp:4  | Killed Roxanne
 26533 | D:13     | Noticed Kirke
 26541 | D:13     | Killed Kirke
 26926 | D:13     | Found a gate to the Vaults.
 27235 | Vaults:1 | Entered Level 1 of the Vaults
 27240 | Vaults:1 | You fall into a shaft and drop 1 floor!
 27280 | Vaults:2 | Lost mutation: You are strong-willed. (Will+) [potion of
                  | mutation]
 27280 | Vaults:2 | Lost mutation: You sometimes lose your temper in combat.
                  | [potion of mutation]
 27280 | Vaults:2 | Lost mutation: You are resistant to electric shocks.
                  | (rElec) [potion of mutation]
 27280 | Vaults:2 | Gained mutation: Your spells are a little harder to cast,
                  | but a little more powerful. [potion of mutation]
 27280 | Vaults:2 | Gained mutation: You are partially covered in iridescent
                  | scales. (AC +2) [potion of mutation]
 27413 | Vaults:2 | Reached skill level 1 in Stealth
 27549 | Vaults:2 | Received a gift from Trog
 27629 | Vaults:2 | Reached XP level 19. HP: 135/135 MP: 19/19
 28150 | Vaults:1 | Reached skill level 5 in Stealth
 29263 | D:12     | You paid a toll of 6 scrolls of fear to enter a treasure
                  | trove
 29264 | Trove    | Entered a treasure trove
 29295 | Trove    | Identified the ring "Ynem Naz" {Fly rF+ rC+}
 29306 | Trove    | Identified the ring of Muishull {Fly rElec}
 29308 | Trove    | Identified the ring of Ylayqewn {rCorr Int+6}
 29419 | Elf:1    | Entered Level 1 of the Elven Halls
 29425 | Elf:1    | Received a gift from Trog
 29425 | Elf:1    | Paralysed by an air elemental for 1 turns
 29452 | Elf:1    | Paralysed by an air elemental for 1 turns
 29900 | Elf:1    | Reached skill level 1 in Throwing
 30056 | Elf:1    | Found Ylocs's Assorted Antiques.
 30245 | Elf:2    | Received a gift from Trog
 30246 | Elf:2    | Reached XP level 20. HP: 143/143 MP: 20/20
 30377 | Elf:2    | Paralysed by an air elemental for 1 turns
 30383 | Elf:2    | Found a radiant altar of Vehumet.
 30507 | Elf:2    | Found Obroidgh's Weapon Shoppe.
 30507 | Elf:2    | Found Heyv's Armour Boutique.
 30511 | Elf:2    | Found Goniomp's Assorted Antiques.
 30511 | Elf:2    | Found Huam's Book Emporium.
 30525 | Elf:2    | Found Uthu's Distillery.
 30525 | Elf:2    | Found Ynoet's Magic Scroll Boutique.
 30545 | Elf:2    | Bought a potion of might for 64 gold pieces
 30545 | Elf:2    | Bought a potion of might for 64 gold pieces
 30545 | Elf:2    | Bought a potion of heal wounds for 80 gold pieces
 30545 | Elf:2    | Bought a potion of haste for 160 gold pieces
 30545 | Elf:2    | Bought a potion of haste for 160 gold pieces
 30545 | Elf:2    | Bought 2 potions of haste for 320 gold pieces
 30545 | Elf:2    | Bought a potion of haste for 160 gold pieces
 30545 | Elf:2    | Bought a potion of might for 64 gold pieces
 30545 | Elf:2    | Bought a potion of haste for 160 gold pieces
 30559 | Elf:2    | Bought a potion of heal wounds for 125 gold pieces
 30559 | Elf:2    | Bought a wand of roots (4) for 240 gold pieces
 30559 | Elf:2    | Bought a jewelled bronze wand for 100 gold pieces
 30559 | Elf:2    | Bought a potion of curing for 75 gold pieces
 30626 | Elf:2    | Found a runed translucent gate.
 30626 | Elf:2    | Found a runed translucent gate.
 30628 | Elf:2    | Found a runed translucent gate.
 31190 | Elf:3    | Entered Level 3 of the Elven Halls
 31190 | Elf:3    | Found Lituqees's Overcharged Wands.
 31195 | Elf:3    | Bought a wand of roots (18) for 648 gold pieces
 31264 | Elf:3    | Received a gift from Trog
 31733 | Elf:3    | Noticed a Brimstone Fiend
 31734 | Elf:3    | Noticed a Tzitzimitl
 32009 | Elf:3    | Reached skill level 15 in Dodging
 32025 | Elf:3    | Identified the +6 hand axe "Fajiwid" {freeze, rF++ rN+
                  | Dex+6}
 32050 | Elf:3    | Identified the +6 dagger of the Mordant God {antimagic,
                  | Int+5}
 32050 | Elf:3    | Found the +8 arc blade {discharge, rElec}
 32064 | Elf:3    | Received a gift from Trog
 32079 | Elf:3    | Identified the staff of Kaiwees {Conj Summ}
 32156 | Elf:3    | Identified the staff "Tipt" {rPois Stlth+ Alchemy}
 32479 | Vaults:2 | Found a staircase to the Crypt.
 32479 | Vaults:2 | Found an ancient bone altar of Kikubaaqudgha.
 32479 | Vaults:2 | Found a basalt altar of Yredelemnul.
 32493 | Vaults:2 | Reached skill level 15 in Fighting
 32880 | Lair:5   | Reached skill level 10 in Stealth
 32887 | Lair:5   | Reached XP level 21. HP: 151/151 MP: 21/21
 32905 | Lair:5   | Reached skill level 5 in Throwing
 32984 | Lair:5   | Identified the staff "Wotuegy" {rElec rN+ Int+2 Stlth+
                  | Necro}
 33569 | Vaults:2 | Identified the amulet of Tender Moments {Faith Int+2}
 33954 | Vaults:3 | Received a gift from Trog
 34942 | Vaults:4 | Found a transporter.
 34942 | Vaults:4 | Found a transporter.
 35231 | Vaults:4 | Reached XP level 22. HP: 160/160 MP: 22/22
 35315 | Vaults:4 | Received a gift from Trog
 35995 | Vaults:4 | Identified the ring of Vanity {^Contam rPois rCorr AC+4
                  | Stlth+}
 36160 | Vaults:5 | Entered Level 5 of the Vaults
 36179 | Vaults:4 | Received a gift from Trog
 36401 | Vaults:5 | Noticed a dread lich
 36408 | Vaults:5 | Killed a dread lich
 36449 | Vaults:5 | Identified the ring "Nisim" {+Blink rCorr SInv}
 36557 | Vaults:5 | Identified the +10 demon trident "Cokleqat" {flame, rN+
                  | Str-4 Dex+3} (Trog gifted it to you on level 5 of the
                  | Vaults)
 36557 | Vaults:5 | Received a gift from Trog
 36677 | Vaults:5 | Noticed Boris
 36686 | Vaults:5 | Killed Boris
 36724 | Vaults:5 | Noticed a golden dragon
 36737 | Vaults:5 | Killed a golden dragon
 36776 | Vaults:5 | Noticed a dread lich
 36789 | Vaults:5 | Killed a dread lich
 36794 | Vaults:5 | Reached skill level 10 in Throwing
 36897 | Vaults:5 | Noticed a golden dragon
 36904 | Vaults:5 | Reached XP level 23. HP: 166/166 MP: 23/23
 36915 | Vaults:5 | Killed a golden dragon
 36976 | Vaults:5 | Noticed a dread lich
 36987 | Vaults:5 | Killed a dread lich
 37020 | Vaults:5 | Identified the +4 glaive of the Big Bang {pain, ^Contam
                  | rN+++ Dex+5}
 37021 | Vaults:5 | Received a gift from Trog
 37164 | Vaults:5 | Identified the staff of Destiny {rPois rC+ rN+ Str+8 Stlth-
                  | Ice}
 37211 | Vaults:5 | Identified the ring "Mitsiew" {Wiz ^Drain rCorr Int+5}
 37218 | Vaults:5 | Identified the +1 ring mail of Mumblety Peg {rC+ rN+ Str-2
                  | SInv}
 37253 | Vaults:5 | Identified the +3 scimitar of Somewhere Else {flame,
                  | *Corrode rC+ rN+++}
 37327 | Vaults:5 | Noticed a dread lich
 37340 | Vaults:5 | Killed a dread lich
 37468 | Vaults:5 | Got a silver rune of Zot
 37778 | Vaults:5 | Noticed an ancient lich
 37784 | Vaults:5 | Killed an ancient lich
 38214 | D:14     | Found Ojyapp's Book Shoppe.
 38359 | D:14     | Received a gift from Trog
 38376 | D:14     | Identified the +4 trident of Honour {flame, rN+ Stlth+}
 38942 | D:15     | Entered Level 15 of the Dungeon
 39275 | D:15     | Found a staircase to the Depths.
 39544 | Depths:1 | Entered Level 1 of the Depths
 39626 | Depths:1 | Found a one-way gate leading to the halls of Pandemonium.
 39846 | Depths:1 | Found a glowing golden altar of the Shining One.
 40354 | Depths:1 | Found a gateway to Hell.
 40426 | Depths:1 | Found a runed translucent gate.
 40426 | Depths:1 | Found a runed translucent gate.
 40426 | Depths:1 | Found a runed translucent gate.
 40427 | Depths:1 | Noticed strangelove's ghost (master GrEE)
 40521 | Depths:1 | Found a viscous altar of Jiyva.
 40587 | Depths:2 | Received a gift from Trog
 40647 | Depths:2 | Reached XP level 24. HP: 177/177 MP: 23/23
 40806 | Depths:2 | Found a burning altar of Makhleb.
 40829 | Depths:2 | Found the amulet of Vitality {RegenMP++ Regen++}
 41253 | Depths:2 | Found a stormy altar of Qazlal.
 41469 | Depths:2 | Found a one-way gate to the infinite horrors of the Abyss.
 41787 | Depths:3 | Found a one-way gateway to a ziggurat.
 41817 | Depths:3 | Found a runed translucent door.
 41818 | Depths:3 | Found a shimmering altar of Xom.
 41818 | Depths:3 | Noticed Xoedokom's ghost (adept TrMo)
 42109 | Depths:3 | Received a gift from Trog
 42280 | Depths:3 | Killed Xoedokom's ghost
 42285 | Depths:3 | Identified the ring "Howezocw" {+Blink rPois Str+2 SInv}
 42536 | Depths:3 | Identified the amulet "Lig Ifor" {RegenMP Stlth+}
 42536 | Depths:3 | Noticed a royal mummy
 42553 | Depths:3 | Killed a royal mummy
 42917 | Depths:4 | Entered Level 4 of the Depths
 43291 | Depths:4 | Found a white marble altar of Elyvilon.
 43305 | Depths:4 | Received a gift from Trog
 43564 | Depths:4 | Found a gate to the Realm of Zot.
 43586 | Depths:4 | Reached XP level 25. HP: 186/186 MP: 23/23
 44039 | Zot:1    | Entered Level 1 of the Realm of Zot
 44380 | Zot:1    | Noticed an orb of fire
 44725 | Orc:2    | Bought a scroll of teleportation for 33 gold pieces
 44725 | Orc:2    | Bought a scroll of revelation for 82 gold pieces
 44725 | Orc:2    | Bought a scroll of immolation for 44 gold pieces
 44727 | Orc:2    | Bought a scroll of immolation for 116 gold pieces
 44727 | Orc:2    | Bought a scroll of poison for 116 gold pieces
 44819 | Elf:1    | Bought a scroll of teleportation for 120 gold pieces
 44819 | Elf:1    | Bought a potion of ambrosia for 320 gold pieces
 44819 | Elf:1    | Bought a scroll of teleportation for 120 gold pieces
 44867 | Elf:2    | Bought a scroll of silence for 123 gold pieces
 44867 | Elf:2    | Bought a scroll of immolation for 52 gold pieces
 44867 | Elf:2    | Bought a scroll of fog for 52 gold pieces
 44867 | Elf:2    | Bought a scroll of teleportation for 39 gold pieces
 45160 | D:4      | Bought a scroll of fog for 48 gold pieces
 45332 | D:10     | Found a runed translucent gate.
 45332 | D:10     | Found a runed translucent gate.
 45338 | D:10     | Found a runed translucent gate.
 45339 | D:10     | Noticed Hsik's ghost (journeyman HOFi)
 45351 | D:10     | Received a gift from Trog
 45356 | D:10     | Killed Hsik's ghost
 45970 | Zot:1    | Gained mutation: You occasionally lose the ability to read
                  | scrolls when taking damage. [an orb of fire]
 45971 | Zot:1    | Gained mutation: You occasionally shout uncontrollably at
                  | your foes. [an orb of fire]
 45980 | Zot:1    | Killed an orb of fire
 46903 | Zot:2    | Received a gift from Trog
 47019 | Depths:2 | Reached skill level 15 in Throwing
 47262 | Orc:2    | Bought a scroll of enchant weapon for 82 gold pieces
 47384 | Elf:2    | Bought a scroll of enchant weapon for 97 gold pieces
 47384 | Elf:2    | Bought a scroll of enchant weapon for 97 gold pieces
 48428 | Zot:2    | Reached XP level 26. HP: 196/196 MP: 23/23
 48838 | Zot:3    | Noticed a Killer Klown
 48861 | Zot:2    | Killed a Killer Klown
 49586 | Zot:4    | Noticed Parghit
 49612 | Zot:3    | Killed Parghit
 50508 | Zot:4    | Noticed a dread lich
 50512 | Zot:4    | Noticed a dread lich
 50516 | Zot:4    | Killed a dread lich
 50533 | Zot:4    | Killed a dread lich
 50618 | Zot:4    | Received a gift from Trog
 50704 | Zot:5    | Entered Level 5 of the Realm of Zot
 50889 | Zot:5    | Noticed an orb of fire
 50897 | Zot:5    | Gained mutation: Your magical capacity is low. (-10% MP)
                  | [an orb of fire]
 50902 | Zot:5    | Killed an orb of fire
 50923 | Zot:5    | Reached XP level 27. HP: 207/207 MP: 20/20
 51090 | Zot:5    | Noticed an orb of fire
 51091 | Zot:5    | Gained mutation: You are frail. (-10% HP) [an orb of fire]
 51096 | Zot:5    | Killed an orb of fire
 51100 | Zot:5    | Noticed a dread lich
 51110 | Zot:5    | Killed a dread lich
 51162 | Zot:5    | Noticed a dread lich
 51164 | Zot:5    | Noticed an orb of fire
 51169 | Zot:5    | Gained mutation: You are vulnerable to cold. (rC-) [an orb
                  | of fire]
 51174 | Zot:5    | Killed a dread lich
 51177 | Zot:5    | Gained mutation: Your health recovers twice as slowly from
                  | being drained. [an orb of fire]
 51178 | Zot:5    | Killed an orb of fire
 51264 | Zot:5    | Received a gift from Trog
 51395 | Zot:5    | Noticed an orb of fire
 51395 | Zot:5    | Noticed an orb of fire
 51400 | Zot:5    | Gained mutation: Your magical capacity is very low. (-20%
                  | MP) [an orb of fire]
 51481 | Zot:5    | Gained mutation: Your magical capacity is extremely low.
                  | (-30% MP) [an orb of fire]
 51486 | Zot:5    | Killed an orb of fire
 51489 | Zot:5    | Gained mutation: You are weak. (Str -2) [an orb of fire]
 51493 | Zot:5    | Killed an orb of fire
 51510 | Zot:5    | Lost mutation: You are weak. (Str -2) [potion of mutation]
 51510 | Zot:5    | Lost mutation: Your mind is acute. (Int +4, Str/Dex -1)
                  | [potion of mutation]
 51510 | Zot:5    | Lost mutation: Your spells are a little harder to cast, but
                  | a little more powerful. [potion of mutation]
 51510 | Zot:5    | Gained mutation: You are partially covered in large bone
                  | plates. (SH +4) [potion of mutation]
 51511 | Zot:5    | Lost mutation: You are frail. (-10% HP) [potion of
                  | mutation]
 51511 | Zot:5    | Lost mutation: You are vulnerable to cold. (rC-) [potion of
                  | mutation]
 51511 | Zot:5    | Lost mutation: Your health recovers twice as slowly from
                  | being drained. [potion of mutation]
 51511 | Zot:5    | Lost mutation: You occasionally shout uncontrollably at
                  | your foes. [potion of mutation]
 51511 | Zot:5    | Gained mutation: You have a pair of small antennae on your
                  | head. [potion of mutation]
 51512 | Zot:5    | Lost mutation: You occasionally lose the ability to read
                  | scrolls when taking damage. [potion of mutation]
 51512 | Zot:5    | Lost mutation: You are partially covered in large bone
                  | plates. (SH +4) [potion of mutation]
 51512 | Zot:5    | Gained mutation: Your body sometimes deteriorates upon
                  | taking damage. [potion of mutation]
 51998 | Zot:5    | Got the Orb of Zot
 52231 | Zot:1    | Noticed Tequfak the pandemonium lord
 52312 | Depths:1 | Noticed Leteoh the pandemonium lord
 52366 | D:14     | Noticed Teul the pandemonium lord
 52491 | D:7      | Noticed Riypeaj the pandemonium lord
 52521 | D:7      | Killed Riypeaj the pandemonium lord
 52717 | D:$      | Escaped with the Orb!

Illustrated notes

Levels and vault maps discovered:
D:1:      heliophobic_arrival_enchanted_forest, layout_loops_ring,
          chequers_ecumenical_altar_island, chequers_serial_rivers_marsh,
          minmay_misc_feat_columns
D:2:      layout_loops_ring, basic_altar, minmay_lizard_pond
D:3:      layout_loops_cross, roderic_batcave, minmay_misc_feat_doors,
          chequers_hall_statues_corner_a, minmay_misc_feat_chi,
          kennysheep_donut, st_stairs_7
D:4:      layout_basic, serial_library_hellmonk_room_a, minmay_liquid_box,
          hangedman_decor_peaks_small, nicolae_specific_store,
          minmay_diced_spiral
D:5:      layout_basic, minmay_fountain_box, minmay_bent
D:6:      layout_cave_pools, kennysheep_another_room, uniq_eustachio,
          uniq_edmund
D:7:      layout_cave_pools, minmay_temple_entry_stoned_glass, enter_bailey_3,
          uniq_jeremiah
D:8:      layout_basic, minmay_overflow_temple_star_hex, lair_entry_dummy,
          minmay_holes
D:9:      layout_basic, kennysheep_generic_room_13
D:10:     layout_long_grid, ploomutoo_gammafunk_ghost_potion_laboratory,
          grunt_ministairs_10, solitary_fountain
D:11:     layout_loops_ring, erik_orc_4, portal_ice_cave_entry_imps
D:12:     layout_long_grid, enter_trove_5, serial_shops, nicolae_lakefront_shop,
          shop, nicolae_shop_bloodbath_and_beyond,
          nicolae_shop_tiny_real_fake_doors, lightli_wizard_tower,
          uniq_josephine
D:13:     layout_irregular_city, hellmonk_vaults_attempted_burglary, uniq_kirke
D:14:     layout_cave_pods, minmay_misc_feat_iff, serial_shops,
          nicolae_inconvenience_store, minivault_1
D:15:     hangedman_depths_entry_try_elsewhere_first, layout_long_grid,
          serial_bayou_pond_c
Lair:1:   layout_gridlike, serial_bayou_shore_a, grunt_megastairs_3
Lair:2:   layout_chaotic_city, nicolae_swamp_entry_splash_gauntlet,
          cheibrodos_lair_reptile_den
Lair:3:   layout_regular_city, nicolae_snake_entry_warm_welcome,
          nicolae_lair_lil_pond
Lair:4:   layout_regular_city, slime_entry_1, gauntlet_entry_generic,
          disabler_island, lemuel_fruit_tree
Lair:5:   due_jungle_book, layout_long_grid, grunt_megastairs_4
Swamp:1:  layout_basic_swamp, nicolae_swamp_some_circles, swamp_pool_3,
          nicolae_swamp_necromancer_hut, infiniplex_staircase_pool_2
Swamp:2:  layout_basic_swamp, evilmike_swamp_ruin_house_5, swamp_pool_1_2,
          nzn_swamp_blast_mining, infiniplex_staircase_pool, uniq_mlioglotl,
          uniq_donald
Swamp:3:  layout_basic_swamp, evilmike_swamp_ruin_wall, swamp_pool_5
Swamp:4:  swamp, layout_basic_swamp, uniq_roxanne
Snake:1:  layout_basic, minmay_shoptagon, uniq_aizul, uniq_agnes
Snake:2:  layout_grid_maze, special_room
Snake:3:  layout_concentric_octagons, drop_trap, uniq_asterion, uniq_louise
Snake:4:  grunt_snake_rune_pools, layout_cave_town, uniq_vashnia
Orc:1:    layout_caves, basic_altar, nicolae_orc_lost_temple
Orc:2:    st_orc_rangers, layout_caves, nicolae_orc_bridge_out, uniq_sonja,
          uniq_jorgrun, uniq_maurice
Elf:1:    nicolae_elf_arrival_aired_out, layout_geoelf_octagon, serial_shops,
          shop, minmay_elf_demonology
Elf:2:    nicolae_elf_blades_splatter_lattice [nicolae_blade_lattice],
          layout_geoelf_diagonals, basic_altar, eino_tiny_chamber,
          nicolae_wooded_promenade
Elf:3:    minmay_elf_hall_circle, layout_geoelf_octagon, serial_glass,
          glass_columns_a, glass_columns_b, columned_hall_lemuel,
          nicolae_shop_overcharged_wands
Vaults:1: nicolae_vaults_cochlea, nicolae_vaults_wine_cellar,
          grunt_vaults_hallway_short, nicolae_vaults_heart-shaped_vault,
          nicolae_vaults_six-pack, nicolae_vaults_twisting_passages,
          ontoclasm_vaults_eye, v_misc_3, st_cells, nicolae_vaults_house_3,
          layout_vaults_omnigrid
Vaults:2: nicolae_vaults_puzzle_piece, grunt_vaults_hallway_short,
          st_octagons_2, nicolae_vaults_ninety_degrees,
          minmay_crypt_entry_necro_gods, nicolae_vaults_tetromino_L_2,
          ontoclasm_vaults_fault, hangedman_vaults_river_flow,
          ontoclasm_vaults_ligature, nicolae_vaults_trapezoid_4,
          hangedman_vaults_variations, vaults_standard_mumra_x,
          nicolae_vaults_little_squares_2, layout_vaults_omnibox
Vaults:3: hangedman_vaults_nodes, hangedman_vaults_corner,
          nicolae_vaults_hexular_roomagon, st_diamondy, vaults_room_pools,
          v_pattern_1, nicolae_vaults_network_s, v_misc_30, v_misc_27,
          nicolae_vaults_double_plus_3, nicolae_vaults_rhombus_5,
          layout_vaults_maze
Vaults:4: nicolae_vaults_wrenched, nicolae_vaults_six-pack, vaults_room_hallway,
          v_misc_14, gammafunk_the_bubble [the_bubble_gammafunk_split],
          v_rooms_3, hangedman_vaults_hat, nicolae_vaults_house_1,
          nicolae_vaults_diamond_2, grunt_vaults_funnel,
          nicolae_vaults_trapezoid_2, nicolae_vaults_closet_pinwheel_4,
          layout_vaults_omnicross
Vaults:5: serial_shops, uniq_boris
Depths:1: layout_gridville, rand_demon_pan_entry_9, grunt_hell_entry_dis_grunt,
          gammafunk_ghost_ooze, nicolae_tso_carved_into_rock
Depths:2: evilmike_makhleb_hellhole, layout_basic, pf_dread_powers_of_hell,
          grunt_pan_entry_in_and_out, abyss_entry,
          serial_library_hellmonk_room_b, dk_noncrumbling_4,
          nicolae_qazlal_style_of_elements
Depths:3: ragdoll_tomb_raider, layout_cave_pools, enter_ziggurat_c,
          grunt_metal_band, nicolae_abyss_entry_one_way_or_another,
          ebering_ghost_xom, hangedman_decor_clover_reticule,
          infiniplex_staircase_x, serial_bayou_shore_b
Depths:4: grunt_zot_entry_funnels, layout_basic, abyss_entry,
          grunt_pan_entry_spiral, elyvilon_altar_1, hell_entry
Zot:1:    layout_onion
Zot:2:    regret_index_all_hallows'_manor, layout_cathedral_of_symmetry
Zot:3:    layout_basic, st_stairs_3
Zot:4:    regret_index_infernal_bastille, layout_gridville, uniq_parghit,
          uniq_josephina
Zot:5:    layout_twisted_circle

Skill      XL: |  1  2  3  4  5  6  7  8  9 10 11 12 13 14 15 16 17 18 19 20 21 22 23 24 25 26 27 |
---------------+----------------------------------------------------------------------------------+-----
Dodging        | 4 5 7 8 10 11 12 13 14 15 16 17 18 19 20 21 23 | 23.3
Unarmed Combat | 4 |  4.2
Shields        | 1 2 3 6 7 9 10 12 14 15 17 18 19 | 19.0
Shapeshifting  | 2 4 6 9 11 15 16 17 18 19 20 | 20.0
Polearms       | 2 5 7 9 10 11 12 13 | 13.6
Fighting       | 4 6 8 9 10 11 12 13 14 15 16 17 18 19 20 21 23 | 23.2
Evocations     | 3 6 8 9 11 12 | 12.0
Axes           | 4 |  4.6
Stealth        | 2 7 10 | 10.0
Throwing       | 1 4 7 10 12 13 15 16 | 16.0

Action                     |  1- 3 |  4- 6 |  7- 9 | 10-12 | 13-15 | 16-18 | 19-21 | 22-24 | 25-27 || total
---------------------------+-------+-------+-------+-------+-------+-------+-------+-------+-------++-------
  Melee: Unarmed           |    75 |   139 |   248 |    72 |       |       |       |       |       ||   534
         Constrict         |    17 |    32 |    58 |    60 |   114 |    76 |   131 |   155 |   134 ||   777
         Tentacles         |    12 |    23 |    70 |   107 |   283 |   294 |   326 |   436 |   354 ||  1905
         Punch             |     2 |     4 |    12 |    19 |    41 |    44 |    53 |    73 |    52 ||   300
         Trident           |       |       |       |   482 |     7 |       |       |       |       ||   489
         Demon trident     |       |       |       |       |  1073 |  1286 |  1148 |  1321 |  1121 ||  5949
         War axe           |       |       |       |       |    17 |       |       |       |       ||    17
  Throw: Dart              |       |       |     8 |    14 |       |     3 |       |       |       ||    25
         Boomerang         |       |       |       |       |       |       |    11 |     5 |    77 ||    93
         Javelin           |       |       |       |       |       |       |       |       |     7 ||     7
 Invoke: Berserk           |     1 |     4 |    11 |     9 |     4 |    12 |     2 |     2 |     6 ||    51
         Trog's Hand       |       |     2 |     9 |     6 |     5 |    11 |     2 |    12 |    10 ||    57
         Brothers in Arms  |       |       |       |       |     3 |     3 |       |     7 |     4 ||    17
  Evoke: Wand              |       |       |    12 |     7 |     2 |     3 |     5 |     3 |     2 ||    34
         Sack of spiders   |       |       |       |       |       |       |     1 |     2 |       ||     3
         Phantom mirror    |       |       |       |       |       |       |       |     1 |     3 ||     4
    Use: Scroll            |       |       |    10 |     9 |     9 |     9 |     5 |     7 |    22 ||    71
         Potion            |       |       |     5 |     1 |       |     5 |     1 |     8 |    24 ||    44
   Stab: Sleeping          |     4 |     8 |     3 |     9 |    21 |    11 |    37 |    38 |    10 ||   141
         Distracted        |       |       |     2 |     4 |     2 |     2 |     8 |    10 |     6 ||    34
         Invisible         |       |       |       |       |       |     3 |       |       |       ||     3
         Confused          |       |       |       |       |       |     1 |       |     1 |       ||     2
 Armour: Skin              |    25 |    48 |   120 |   420 |   468 |   837 |   489 |   543 |   641 ||  3591
  Dodge: Dodged            |    39 |    72 |   166 |   486 |  1024 |  1545 |   817 |   959 |  1139 ||  6247
  Block: Buckler           |       |    41 |    82 |   136 |       |       |       |       |       ||   259
         Kite shield       |       |       |       |   257 |   871 |   520 |   829 |  1149 |  1240 ||  4866
         Tower shield      |       |       |       |       |   165 |  1311 |       |       |       ||  1476
         Reflection        |       |       |       |       |       |    34 |    79 |    46 |    16 ||   175
   Form: Statue            |       |       |     2 |       |       |       |       |       |       ||     2
                           |       |       |     1 |       |       |       |       |       |       ||     1
         Blade             |       |       |     1 |       |       |       |       |       |       ||     1
